 Dungeon Crawl Stone Soup version 0.31-a0-702-gf82c85558f (webtiles) character file.

Game seed: 2588597816174892518

133 qw the Shooter (level 5, -1/32 HPs)
             Began as a Gargoyle Hunter on Sept 7, 2023.
             Slain by Terence
             ... wielding a +0 mace
              (2 damage)
             ... on level 3 of the Dungeon.
             The game lasted 00:00:52 (1741 turns).

qw the Shooter (Gargoyle Hunter)                    Turns: 1741, Time: 00:00:52

Health: -1/32      AC:  9    Str: 20    XL:     5   Next: 16%
Magic:  5/5        EV: 11    Int: 10    God:
Gold:   70         SH:  0    Dex: 15    Spells: 4/4 levels left

rFire   . . .        Y - +0 shortbow
rCold   + . .        (shield currently unavailable)
rNeg    + . .        c - +0 leather armour
rPois   inf          a - +0 helmet
rElec   +            (no cloak)
rCorr   .            g - +0 pair of gloves
SInv    .            (no boots)
Will    .....        (no amulet)
Stlth   ++           e - ring of protection from cold
HPRegen 0.25/turn    f - +6 ring of strength
MPRegen 0.09/turn

%: no passive effects
@: no status effects
A: sickness immunity, AC +4, negative energy resistance 1, electricity
resistance, torment resistance 1, petrification resistance
a: no special abilities


You were on level 3 of the Dungeon.
You visited 1 branch of the dungeon, and saw 3 of its levels.

You collected 70 gold pieces.


Innate Abilities, Weirdness & Mutations

You are immune to sickness and miasma.
Your stone body is resilient. (AC +4)
You are immune to poison.
You resist negative energy. (rN+)
You are resistant to electric shocks. (rElec)
You are resistant to unholy torment.
You are immune to petrification.


   Skills:
 - Level 3.0 Fighting
 + Level 5.8 Ranged Weapons
 - Level 1.0 Armour
 - Level 1.5 Dodging
 - Level 1.1 Stealth


You had 4 spell levels left.
You didn't know any spells.
Your spell library was empty.

Inventory:

Hand Weapons
 Y - a +0 shortbow (weapon)
Armour
 a - a +0 helmet (worn)
 c - a +0 leather armour (worn)
 g - a +0 pair of gloves (worn)
Jewellery
 e - a ring of protection from cold (left hand)
 f - a +6 ring of strength (right hand)
Scrolls
 b - a scroll of identify
 h - a scroll of teleportation {unknown}
Potions
 d - a potion of mutation {unknown}
 i - 2 potions of attraction {unknown}
 j - 2 potions of berserk rage {unknown}

Dungeon Overview and Level Annotations

Branches:
Dungeon (3/15)

Altars:
Sif Muna
Trog

Annotations:
D:3 Terence


Message History

The kobold hits you with a +0 short sword.
Terence hits you with a +0 mace.
You shoot an arrow. The arrow closely misses Terence.
The kobold completely misses you. Terence hits you but does no damage.
You shoot an arrow.
The arrow hits Terence but does no damage.
Terence is moderately wounded.
The kobold barely misses you. Terence hits you with a +0 mace.
You shoot an arrow. The arrow closely misses Terence.
The kobold hits you but does no damage. Terence hits you with a +0 mace.
You shoot an arrow. The arrow hits Terence.
Terence is moderately wounded.
The kobold hits you with a +0 short sword.
Terence closely misses you. The kobold hits you but does no damage.
Terence closely misses you.
You shoot an arrow. The arrow barely misses Terence.
The kobold barely misses you. Terence hits you but does no damage.
You shoot an arrow.
The arrow hits Terence but does no damage.
Terence is moderately wounded.
The kobold barely misses you. Terence hits you with a +0 mace.
You shoot an arrow. The arrow hits Terence.
Terence is heavily wounded.
The kobold closely misses you. Terence completely misses you.
You shoot an arrow.
The arrow hits Terence but does no damage.
Terence is heavily wounded.
The kobold hits you but does no damage. Terence closely misses you.
You shoot an arrow. The arrow hits Terence.
Terence is severely wounded.
The kobold barely misses you. Terence closely misses you.
You shoot an arrow. The arrow hits Terence.
Terence is almost dead.
The kobold hits you with a +0 short sword.
Terence closely misses you.
You shoot an arrow.
The arrow hits Terence but does no damage.
Terence is almost dead.
The kobold closely misses you. Terence hits you with a +0 mace.
You die...

#### .... .....
.....############
..%.....).......# ######
.....#..#######.###....#
.......%...............)
.###..@K#.#####.###.##.#
.......@#.# ### #.##.#
............... #.##.#
....[.)##.##### #..#..
.#..... .# ##.#..
.....#. # .#.. ....#..
.#.. ..#. .# .### ..# #.
..... .## # #####


You could see Terence and a kobold.

Vanquished Creatures
  Jessica (D:3)
  Robin (D:2)
  An adder (D:2)
  2 worms
  2 dart slugs (D:1)
  An orc (D:3)
  5 ball pythons
  11 bats
  4 endoplasms
  A giant cockroach (D:2)
  14 goblins
  9 hobgoblins
  5 quokkas
  A frilled lizard (D:1)
  9 kobolds
  5 rats
72 creatures vanquished.

Notes
Turn   | Place    | Note
-------+----------+-------------------------------------------
     0 | D:1      | qw the Gargoyle Hunter began the quest for the Orb.
     0 | D:1      | Reached XP level 1. HP: 12/12 MP: 1/1
     0 | D:1      | 0 ||| qw: Version: 0.3-a-76-g4403597
     0 | D:1      | 0 ||| qw: Game counter: 923
     0 | D:1      | 0 ||| qw: Melee chars always use a shield: true
     0 | D:1      | 0 ||| qw: God list: Okawaru
     0 | D:1      | 0 ||| qw: Allow faded altars: false
     0 | D:1      | 0 ||| qw: Do Orc after clearing Dungeon:15 true
     0 | D:1      | 0 ||| qw: Do second Lair branch before Depths: true
     0 | D:1      | 0 ||| qw: Lair rune preference: random
     0 | D:1      | 0 ||| qw: Goals: Normal
     0 | D:1      | 0 ||| PLANNING D:1-11
    74 | D:1      | Reached XP level 2. HP: 17/17 MP: 2/2
   200 | D:1      | Reached XP level 3. HP: 8/21 MP: 3/3
   308 | D:1      | Reached skill level 5 in Ranged Weapons
   562 | D:1      | 562 ||| READING scroll labelled CAOPERGHULE.
   563 | D:1      | 563 ||| READING scroll labelled ADUKADU WADOLOHE.
   564 | D:1      | 564 ||| READING scroll labelled USCHUC BAODOIT.
   565 | D:1      | 565 ||| READING scroll labelled IJAGATOUHO.
   566 | D:1      | 566 ||| DROPPING scroll of butterflies.
   631 | D:2      | Noticed Robin
   649 | D:2      | Reached skill level 3 in Fighting
   655 | D:2      | HP: 5/23 [goblin/+0 club[Robin] (1)]
   657 | D:2      | HP: 2/23 [Robin/+0 spear (4)]
   663 | D:2      | HP: 2/23 [Robin/+0 spear (1)]
   665 | D:2      | Killed Robin
   666 | D:2      | Reached XP level 4. HP: 3/28 MP: 4/4
  1494 | D:2      | 1494 ||| UPGRADING to +0 helmet.
  1499 | D:2      | 1499 ||| UPGRADING to +0 pair of gloves.
  1504 | D:2      | 1504 ||| UPGRADING to ring of protection from cold.
  1505 | D:2      | 1505 ||| UPGRADING to +6 ring of strength.
  1506 | D:2      | 1506 ||| READING 3 scrolls labelled OWINUO GEQOH.
  1507 | D:2      | 1507 ||| READING 3 scrolls labelled QYFUK NEOK EFRYMIW.
  1508 | D:2      | 1508 ||| DROPPING 2 scrolls of poison.
  1509 | D:2      | 1509 ||| DROPPING 2 scrolls of revelation.
  1596 | D:3      | Found a bloodstained altar of Trog.
  1597 | D:3      | Found a shimmering blue altar of Sif Muna.
  1692 | D:3      | Reached skill level 1 in Armour
  1703 | D:3      | Noticed Jessica
  1707 | D:3      | Killed Jessica
  1708 | D:3      | Reached XP level 5. HP: 32/32 MP: 5/5
  1717 | D:3      | Noticed Terence
  1734 | D:3      | HP: 7/32 [kobold/+0 short sword (3)]
  1736 | D:3      | HP: 2/32 [Terence/+0 mace (6)]
  1741 | D:3      | Slain by Terence

Levels and vault maps discovered:
D:1:      lightli_arrival_quake, layout_rooms
D:2:      minmay_door_path, layout_loops_ring, serial_bayou_lagoon_b, uniq_robin
D:3:      layout_basic, bloody_trog, mainiacjoe_overflow_brackets,
          uniq_crazy_yiuf_cottage, uniq_terence, uniq_jessica

Skill      XL: |  1  2  3  4 |
---------------+-------------+-----
Ranged Weapons | 5 |  5.8
Fighting       | 3 |  3.0
Armour         | 1 |  1.0
Dodging        | |  1.5
Stealth        | |  1.1

Action                     |  1- 3 |  4- 6 || total
---------------------------+-------+-------++-------
   Fire: Shortbow          |   119 |   115 ||   234
    Use: Scroll            |     4 |     2 ||     6
 Armour: Leather armour    |    53 |    33 ||    86
  Dodge: Dodged            |    43 |    31 ||    74

Table legend:
 A = Non-vault XP
 B = Vault XP
 C = Vault XP percentage of total XP
 D = Non-vault monster count
 E = Vault monster count
 F = Vault count percentage of total count
                 A         B        C        D         E       F
            +---------+---------+-------+---------+---------+-------
      Total |     115 |      76 |  39.8 |      55 |      17 |  23.6
            +---------+---------+-------+---------+---------+-------
        D:1 |      49 |       0 |   0.0 |      27 |       0 |   0.0
        D:2 |      43 |      39 |  47.6 |      18 |      16 |  47.1
        D:3 |      23 |      37 |  61.7 |      10 |       1 |   9.1
            +---------+---------+-------+---------+---------+-------
